Map: 사이버 포레스트 - 래더

Players

Krr

  • Race: Protoss Protoss
  • Spawn Location: 5:00

FanTaSy - Winner!

  • Race: Terran Terran
  • Spawn Location: 11:00

Event: IEM Season 13: Katowice (2019)

VOD

Have the link to the VOD?

Description

Time

  • Played on: Feb. 25, 2019, 5:01 a.m.
  • Length: 9:02

All games in this series

Show
View Real Time Build Order
Export as new Build Order

Krr Protoss 

Build Orders: 1 Gate Expand, Blink Stalkers, Zealot Archon, Dark Templar Rush 

Get SALT Encoding   

  12  0:00  Probe  
  13  0:12  Probe  
  14  0:18  Pylon  
  14  0:24  Probe  
  15  0:33  Probe  
  15  0:39  Gateway  
  15  0:41  Probe  
  16  0:47  Assimilator  
  17  0:51  Probe  
  18  1:03  Probe  
  19  1:15  Probe  
  20  1:25  Cybernetics Core  
  20  1:34  Nexus  
  20  1:36  Probe  
  21  1:43  Pylon  
  21  1:48  Probe  
  21  1:50  Assimilator  
  21  1:52  Adept  
  22  2:00  Probe  
  23  2:03  Warp Gate  
  25  2:12  Adept, Probe  
  28  2:26  Probe  
  29  2:30  Twilight Council  
  29  2:37  Stalker  
  29  2:38  Probe  
  29  2:42  Blink  
  30  2:47  Probe  
  30  2:50  Probe  
  34  2:59  Probe  
  34  3:02  Probe  
  36  3:09  Dark Shrine  
  36  3:11  Probe  
  36  3:14  Probe  
  37  3:23  Probe  
  37  3:26  Probe  
  36  3:35  Probe  
  36  3:38  Probe  
  36  3:39  Gateway  
  36  3:43  Dark Shrine  
  36  3:44  Gateway  
  36  3:49  Probe  
  36  3:50  Probe  
  36  3:52  Pylon  
  38  3:57  Stalker  
  38  4:00  Assimilator  
  40  4:02  Assimilator  
  40  4:03  Probe  
  40  4:07  Probe  
  42  4:11  Pylon  
  42  4:15  Probe  
  43  4:19  Probe  
  44  4:27  Probe  
  44  4:29  Robotics Facility  
  44  4:31  Probe  
  46  4:34  Stalker  
  48  4:40  Probe  
  48  4:43  Probe  
  50  4:47  Pylon  
  50  4:52  Probe  
  51  4:54  Pylon  
  51  4:55  Dark Templar, Probe  
  51  4:57  Dark Templar  
  56  5:02  Stalker  
  56  5:04  Probe  
  56  5:05  Charge  
  59  5:15  Probe, Pylon  
  59  5:16  Probe  
  59  5:17  Observer, Pylon  
  60  5:25  Gateway  
  60  5:26  Gateway  
  60  5:28  Gateway  
  60  5:40  Stalker x3  
  66  5:48  Forge  
  66  5:50  Forge  
  66  5:53  Protoss Ground Weapons Level 1, Protoss Ground Armor Level 1  
  66  5:55  Probe x2  
  67  6:01  Pylon  
  67  6:06  Sentry, Zealot x2  
  67  6:10  Templar Archives  
  73  6:25  Zealot x3  
  79  6:36  Zealot x3  
  85  6:46  Zealot, High Templar x2  
  91  6:49  Pylon  
  91  6:50  Archon  
  91  6:53  Pylon  
  91  7:02  Nexus  
  91  7:19  Zealot x6  
  103  7:26  Pylon, Observer  
  103  7:27  Pylon  
  103  7:38  Pylon  
  103  7:39  Pylon  
  101  7:46  Zealot x4  
  101  7:48  Zealot  
  107  8:07  Zealot x3  
  107  8:08  Zealot x3, Pylon  
  64  8:29  Zealot x6  
  60  8:51  Dark Templar x3, Zealot x2  
Show
View Real Time Build Order
Export as new Build Order

FanTaSy Terran - Winner!

Build Orders: Reaper Expand 

Get SALT Encoding   

  12  0:00  SCV  
  13  0:12  SCV  
  14  0:17  Supply Depot  
  14  0:24  SCV  
  15  0:38  SCV  
  15  0:40  Barracks  
  16  0:43  Refinery  
  16  0:50  SCV  
  17  1:02  SCV  
  18  1:15  SCV  
  19  1:27  Reaper, Orbital Command  
  20  1:41  Command Center  
  20  1:52  Supply Depot  
  20  1:53  SCV  
  21  2:00  Barracks Reactor  
  21  2:05  Refinery  
  21  2:06  SCV  
  22  2:18  SCV  
  22  2:20  Factory  
  23  2:30  SCV  
  23  2:37  Marine x2  
  24  2:42  SCV  
  27  2:50  Supply Depot  
  26  2:54  SCV, Marine  
  26  2:55  Marine  
  29  3:05  Factory Tech Lab  
  29  3:07  SCV  
  29  3:11  Starport  
  29  3:12  Marine x2  
  30  3:19  SCV  
  35  3:29  Siege Tank  
  35  3:30  Marine x2  
  35  3:33  SCV  
  37  3:34  Orbital Command  
  37  3:45  SCV  
  37  3:48  Starport Tech Lab, Marine x2  
  40  3:57  SCV  
  40  3:58  Barracks  
  40  4:02  SCV  
  42  4:07  Raven  
  42  4:09  SCV, Marine  
  45  4:10  Marine  
  45  4:14  SCV  
  45  4:15  Siege Tank  
  51  4:18  Supply Depot  
  51  4:24  Barracks  
  51  4:25  SCV  
  51  4:28  SCV  
  53  4:34  Refinery  
  53  4:38  SCV  
  54  4:39  Engineering Bay  
  54  4:40  SCV  
  54  4:41  Marine x2  
  57  4:50  SCV  
  57  4:52  SCV  
  59  4:59  Stimpack, Supply Depot  
  59  5:01  Supply Depot  
  59  5:02  SCV  
  59  5:04  Terran Infantry Weapons Level 1, SCV  
  61  5:12  Marine  
  62  5:14  Factory Reactor  
  62  5:20  Marine  
  62  5:21  Marauder, SCV x2  
  67  5:23  Supply Depot  
  67  5:26  Combat Shield, Supply Depot  
  67  5:27  Refinery  
  67  5:29  Starport Reactor  
  67  5:31  Supply Depot  
  67  5:33  SCV  
  67  5:34  SCV  
  69  5:40  Missile Turret  
  69  5:43  Marauder x2  
  69  5:45  Marine x2  
  69  5:47  SCV  
  69  5:48  SCV  
  77  5:56  Widow Mine  
  77  5:57  Widow Mine  
  79  6:04  Marauder, Marine x2  
  79  6:05  Marauder  
  79  6:10  Medivac x2  
  89  6:13  Supply Depot  
  89  6:14  Supply Depot  
  89  6:18  Widow Mine x2  
  93  6:24  Marine  
  93  6:25  Marine  
  94  6:26  Marauder x2  
  99  6:45  Concussive Shells, Widow Mine x2, Medivac x2  
  107  6:50  Marauder, Supply Depot, Marine x2  
  107  6:51  Marauder  
  113  6:59  Terran Infantry Armor Level 1  
  113  7:01  Command Center  
  113  7:08  Widow Mine x2  
  115  7:15  Marine x2  
  115  7:16  Marauder x2  
  115  7:17  SCV x2  
  123  7:27  Supply Depot x2  
  123  7:28  Supply Depot  
  123  7:35  SCV  
  125  7:37  SCV  
  125  7:42  Barracks  
  125  7:43  Barracks  
  124  7:45  Marauder  
  124  7:49  Medivac x2, SCV x2, Marine  
  134  7:58  Widow Mine  
  134  7:59  Widow Mine  
  134  8:01  SCV x2  
  134  8:03  Marauder, Marine  
  141  8:06  Marauder  
  141  8:08  Supply Depot  
  141  8:09  Supply Depot  
  142  8:13  SCV x2  
  138  8:20  Widow Mine x2  
  138  8:22  Medivac x2  
  138  8:25  SCV  
  135  8:28  Marauder x2  
  135  8:29  Marine  
  135  8:31  Orbital Command  
  135  8:33  Barracks Tech Lab  
  137  8:34  Barracks Tech Lab  
  137  8:39  SCV x2  

Tags
 
Add a new tag
Caveats
  • Supply blocks, unpowered buildings, or Contaminate may cause inaccurate times.
  • Supply counts are checked every 10 seconds.